 Dungeon Crawl Stone Soup version 0.19.1 (webtiles) character file.

305 ImaNewbie the Chopper (level 6, -6/47 HPs)
             Began as a Formicid Fighter on Dec 4, 2016.
             Mangled by an orc priest
             ... wielding a +0 mace
              (7 damage)
             ... on level 3 of the Dungeon.
             The game lasted 00:03:04 (1874 turns).

ImaNewbie the Chopper (Formicid Fighter)            Turns: 1874, Time: 00:03:04

Health: -6/47      AC:  6    Str: 20 (23) XL:     6   Next: 67%
Magic:  6/6        EV:  7    Int:  4 (7)  God:
Gold:   172        SH:  9    Dex:  9 (10) Spells: 0 memorised, 5 levels left

rFire  . . .     SeeInvis +     a - +0 war axe
rCold  . . .     Gourm    .     b - +0 scale mail
rNeg   . . .     Faith    +     c - +0 shield
rPois  .         Spirit   .     (helmet unavailable)
rElec  .         Reflect  .     (no cloak)
rCorr  .         Harm     .     (no gloves)
MR     .....                    (no boots)
Stlth  ..........               o - amulet of faith
                                (no ring)
                                i - ring of teleportation (curse)

@: no status effects
A: permanent stasis, dig shafts and tunnels, four strong arms, antennae 3
a: Dig, Shaft Self


You were on level 3 of the Dungeon.
You were very hungry.

You visited 1 branch of the dungeon, and saw 3 of its levels.

You collected 172 gold pieces.

Inventory:

Hand Weapons
 a - a +0 war axe (weapon)
Missiles
 h - 17 poisoned needles
Armour
 b - a +0 scale mail (worn)
 c - a +0 shield (worn)
Jewellery
 i - a cursed ring of teleportation (left hand)
 o - an amulet of faith (around neck)
Wands
 p - a wand of slowing (19/48)
Scrolls
 d - a scroll of enchant weapon {unknown}
 e - a scroll of recharging {unknown}
 k - a scroll of random uselessness {unknown}
 n - 5 scrolls of identify {unknown}
 q - a scroll of magic mapping {unknown}
 r - 2 scrolls of immolation {unknown}
 s - a scroll of teleportation {unknown}
Comestibles
 f - 4 bread rations
 j - 3 beef jerkies
 t - 3 fruits


   Skills:
 - Level 3.2 Fighting
 + Level 6.6 Axes
 - Level 3.2 Armour
 - Level 3.6 Shields


You had 5 spell levels left.
You didn't know any spells.

Dungeon Overview and Level Annotations

Branches:
Dungeon (3/15)

Altars:


Innate Abilities, Weirdness & Mutations

You are under a permanent stasis effect.
You can dig through walls and to a lower floor.
Your four strong arms can wield two-handed weapons with a shield.
You have a pair of large antennae on your head. (SInv)


Message History

You hit the orc priest.
The orc priest is severely wounded.
You miss the orc wizard.
The orc priest calls down the wrath of Beogh upon you.
Pain shoots through your body!
* * * LOW HITPOINT WARNING * * *
You block the orc wizard's attack.
Unknown command.
You hit the orc priest.
The orc priest is almost dead.
You hit the orc wizard.
You kill the orc wizard!
You block the orc priest's attack.
You completely miss the orc priest.
The orc priest is almost dead.
You block the orc priest's attack.
You closely miss the orc priest.
The orc priest is almost dead.
The orc priest hits you with a mace!
You die...

......### #..........
#.##.## #.)....##.
#.##.# #......##
.....#######.........
#.##......##......##.
#.##.####.##...##.#
..##.####.#.......# ##
####.#...........o#...##
#.#.##>#.....@)....(#
#......#.....#[.<....
###.####..#..........
####.####..#.##.......
#.......#..... .......
#.##.##.#.......#...#.
#.##.##.####.#####.##
#.##.##.# ... .#
#.##.##.# .... #


You could see an orc priest.

Vanquished Creatures
  Sigmund (D:3)
  A centaur skeleton (D:3)
  An orc wizard (D:3)
  3 adders
  A worm (D:3)
  4 dart slugs
  A leopard gecko (D:2)
  4 orcs
  5 giant cockroaches
  5 goblins
  7 hobgoblins
  7 jackals (D:1)
  A quokka (D:3)
  4 bats (D:1)
  3 frilled lizards
  8 kobolds
  4 rats
60 creatures vanquished.

Notes
Turn   | Place    | Note
-------+----------+-------------------------------------------
     0 | D:1      | ImaNewbie the Formicid Fighter began the quest for the Orb.
     0 | D:1      | Reached XP level 1. HP: 18/18 MP: 1/1
    34 | D:1      | Reached XP level 2. HP: 22/24 MP: 2/2
   247 | D:1      | Reached skill level 3 in Axes
   282 | D:1      | Reached XP level 3. HP: 16/29 MP: 3/3
   747 | D:2      | Reached XP level 4. HP: 29/35 MP: 4/4
   753 | D:2      | Reached skill level 4 in Axes
  1517 | D:3      | Noticed Sigmund
  1530 | D:3      | Killed Sigmund
  1530 | D:3      | Reached skill level 6 in Axes
  1530 | D:3      | Reached XP level 5. HP: 29/41 MP: 5/5
  1530 | D:3      | Reached XP level 6. HP: 34/47 MP: 6/6
  1871 | D:3      | HP: 1/47 [orc priest/nerve-wracking pain (5)]
  1874 | D:3      | Mangled by an orc priest

Skill      XL: |  1  2  3  4 |
---------------+-------------+-----
Axes           | 3 6 |  6.6
Fighting       | |  3.2
Armour         | |  3.2
Shields        | |  3.6

Action                   |  1- 3 |  4- 6 || total
-------------------------+-------+-------++-------
Melee: War axe           |    76 |    91 ||   167
  Use: Potion            |       |     4 ||     4
  Eat: Chunk             |       |     2 ||     2
Armor: Scale mail        |    51 |    23 ||    74
Dodge: Dodged            |    33 |    30 ||    63
Block: Shield            |    48 |    44 ||    92
